 Dungeon Crawl Stone Soup version 0.30-a0-371-gad7725a93e (webtiles) character file.

Game seed: 13535718883753434167

25548 NinjaNoafa the Severer (level 12, -3/110 HPs)
             Began as a Minotaur Fighter on Nov 22, 2022.
             Was an Initiate of Gozag.
             Slain by a blink frog (13 damage)
             ... on level 2 of the Lair of Beasts.
             The game lasted 00:25:31 (14077 turns).

NinjaNoafa the Severer (Minotaur Fighter)          Turns: 14077, Time: 00:25:33

Health: -3/110     AC: 22    Str: 32 (35) XL:     12   Next: 90%
Magic:  11/11      EV:  4    Int:  2 (5)  God:    Gozag
Gold:   2527       SH:  0    Dex: 17 (19) Spells: 11/11 levels left

rFire   + . .      SeeInvis .    I - +3 war axe (vorpal)
rCold   . . .      Faith    .    M - +0 tower shield
rNeg    . . .      Spirit   .    o - +9 scale mail of the Bells {rF+ Dex+3}
rPois   +          Reflect  .    t - +2 hat of the Blue Moon {rPois Str+3}
rElec   .          Harm     .    O - scarf {+Inv}
rCorr   .          Rampage  .    (no gloves)
Will    +....                    n - +1 pair of boots {Fly}
Stlth   ..........               (no amulet)
HPRegen 0.38/turn                a - +6 ring of strength
MPRegen 0.12/turn                G - +6 ring of dexterity

@: about to teleport, marked, flying, held, slowed, very slow
A: horns 2, retaliatory headbutt, hooves 1, strong-willed 1, subdued magic 1
a: Renounce Religion, Evoke Invisibility, Potion Petition, Call Merchant, Bribe
Branch


You were on level 2 of the Lair of Beasts.
You worshipped Gozag.
Gozag was most pleased with you.
You visited 3 branches of the dungeon, and saw 15 of its levels.
You also visited: Sewer.

You collected 2683 gold pieces.
You paid 156 gold pieces to Gozag.

Inventory:

Hand Weapons
 I - a +3 vorpal war axe (weapon)
Missiles
 f - 112 stones
 w - 26 poisoned darts
 y - 7 curare-tipped darts
 A - a javelin
Armour
 n - a +1 pair of boots of flying (worn)
 o - the +9 scale mail of the Bells (worn) {rF+ Dex+3}
   (You found it on level 2 of the Dungeon)

   Dex:       It affects your dexterity (+3).
   rF:        It protects you from fire.
 t - the +2 hat of the Blue Moon (worn) {rPois Str+3}
   (You acquired it on level 10 of the Dungeon)

   Str:       It affects your strength (+3).
   rPois:     It protects you from poison.
 M - a +0 tower shield (worn)
 O - a scarf of invisibility (worn)
Jewellery
 a - a +6 ring of strength (left hand)
 l - a ring of positive energy
 E - a ring of fire
 G - a +6 ring of dexterity (right hand)
 K - a ring of protection from cold
Wands
 m - a wand of charming (23)
 s - a wand of iceblast (15) (quivered)
 D - a wand of mindburst (13)
 L - a wand of acid (7)
Scrolls
 e - 3 scrolls of teleportation
 h - a scroll of blinking
 u - a scroll of poison
 B - 5 scrolls of magic mapping
 H - 3 scrolls of noise
 J - 3 scrolls of butterflies
Potions
 b - 3 potions of heal wounds
 c - a potion of might
 g - 3 potions of lignification
 i - a potion of cancellation
 j - 3 potions of invisibility
 k - 2 potions of flight {unknown}
 p - 4 potions of resistance {unknown}
 r - 4 potions of haste
 x - 2 potions of mutation
 z - a potion of magic
 C - 7 potions of curing
Miscellaneous
 q - a phantom mirror
 N - a condenser vane (inert)


   Skills:
 + Level 11.2 Fighting
 - Level 16.0 Axes
 + Level 11.2 Armour
 + Level 9.7 Shields
 + Level 9.1 Evocations


You had 11 spell levels left.
You didn't know any spells.
Your spell library contained the following spells:

 Spells                   Type           Power      Damage    Failure   Level
 Beastly Appendage        Tmut           0%         N/A       100%        1
 Wereblood                Tmut           0%         N/A       100%        2
 Dazzling Flash           Conj/Hex       0%         N/A       100%        3
 Spider Form              Tmut/Pois      0%         N/A       100%        3
 Airstrike                Air            0%         2d(0-16)  100%        4
 Iskenderun's Mystic Bla  Conj/Tloc      0%         2d3       100%        4
 Summon Lightning Spire   Summ/Air       0%         N/A       100%        4
 Lightning Bolt           Conj/Air       0%         1d11      100%        5
 Starburst                Conj/Fire      0%         6d3       100%        6


Dungeon Overview and Level Annotations

Branches:
Dungeon (12/15)            Temple (1/1) D:7            Lair (2/5) D:11
    Orc (0/2) D:12          Sewer (visited)
  Swamp: Lair:2-3    Shoals: Lair:2-3     Snake: Lair:2-3    Spider: Lair:2-3

Altars:
Ashenzari
Cheibriados
Dithmenos
Elyvilon
Fedhas
Gozag
Hepliaklqana
Kikubaaqudgha
Makhleb
Nemelex Xobeh
Okawaru
Qazlal
Ru
Sif Muna
Trog
Uskayaw
Vehumet
Wu Jian
Xom
Yredelemnul
Zin
The Shining One

Annotations:
Lair:2 Harold


Innate Abilities, Weirdness & Mutations

You have a pair of horns on your head.
You reflexively headbutt those who attack you in melee.
You have large cloven feet.
You are strong-willed. (Will+)
Your spells are a little easier to cast, but a little less powerful.


Message History

There was something very wrong with that liquid.
You feel weakened.
You feel dopey.
You feel clumsy. The blink frog hits you. The cane toad stings you!
The blink frog hits you but does no damage.
Harold says, "Listen, it's nothing personal.
It's just a job."
Harold hits you with a +1 long sword of holy wrath.
The cane toad stings you but does no damage.
The blink frog hits you!
The torpor snail bites you but does no damage.
Okay, then.
Your magical effects are unravelling.
You feel magically purged. Harold gestures at you while chanting.
A sentinel's mark forms upon you. Harold hits you but does no damage.
The cane toad stings you! The torpor snail bites you.
Unknown command.
As you read the scroll of teleportation, it crumbles to dust.
You feel strangely unstable.
The blink frog is no longer distracted by gold.
Harold points at you and mumbles some strange words.
The mark upon you grows brighter. The blink frog hits you!
* * * LOW HITPOINT WARNING * * *
The blink frog hits you but does no damage.
The cane toad barely misses you. Harold casts a spell at you.
You barely resist. The blink frog barely misses you.
The blink frog hits you but does no damage.
The torpor snail bites you but does no damage.
The cane toad stings you but does no damage.
Harold hits you with a +1 long sword of holy wrath.
* * * LOW HITPOINT WARNING * * *
As you read the scroll of butterflies, it crumbles to dust.
You hear the tinkle of a tiny bell.
The blink frog hits you!
* * * LOW HITPOINT WARNING * * *
The blink frog closely misses your butterfly.
Harold hits you but does no damage. The blink frog completely misses you.
The blink frog hits you!
You die...
Your body crumbles into a pile of gold.

..............# #?#
.............##...
>..................
....#P......bb..b..
.P......[b#$.......
#.....b.#..b#.##..
#.......bbbb.# # $
.#...bbbbFF#b#.##$
P...#FbbF@@Yb!..<
.#..bbbbbwbb.###
...<..bbbbPbb...
.#...P.^b.#}....
#....bb>.bb....
###.###bbb..... .#
#PP...... $ ##
####(####


You could see a death yak (ally target), Harold (fast, ally target), a torpor
snail (ally target), a cane toad (ally target) and 3 blink frogs.

Vanquished Creatures
  A catoblepas (Lair:1)
  A boulder beetle (D:12)
  4 skeletal warriors (D:11)
  Pikel (D:6)
  2 deep elf pyromancers
  An ugly thing (D:12)
  2 cyclopes
  3 manticores
  Maggie (D:7)
  2 cane toads (Lair:1)
  An unseen horror (D:10)
  Psyche (D:10)
  3 kobold demonologists
  3 komodo dragons
  A freezing wraith (D:11)
  2 blink frogs (Lair:2)
  2 slime creatures (D:11)
  Sigmund (D:5)
  3 shadows
  3 vampires
  Eustachio (D:5)
  4 wraiths
  A basilisk (Lair:1)
  3 wyverns
  44 yaks
  3 steam dragons (D:9)
  Menkaure (D:5)
  A warg (D:12)
  4 water moccasins
  4 orc warriors
  A black bear (D:6)
  4 ogres
  2 centaurs
  A lemure (D:6)
  3 phantoms
  The ghost of bakla the Conjurer, an amateur DECj (D:3)
  7 kobold brigands
  A necrophage (D:5)
  3 scorpions
  A bullfrog (Lair:1)
  A gnoll sergeant (D:9)
  A water moccasin skeleton (D:3)
  10 wights (D:7)
  9 killer bees
  6 howler monkeys
  8 orc priests
  2 hounds
  A gnoll bouda (D:6)
  An iguana (D:4)
  Natasha (twice) (D:3)
  13 orc wizards
  10 gnolls
  6 adders
  3 howler monkey skeletons (D:3)
  3 river rats (Sewer)
  A shadow imp (D:8)
  7 worms
  3 dart slugs
  24 orcs
  8 ball pythons
  8 endoplasms
  6 giant cockroaches
  12 goblins
  6 hobgoblins
  14 jackals
  3 quokkas (D:4)
  2 bats (D:1)
  2 frilled lizards
  20 kobolds
  7 rats
327 creatures vanquished.

Vanquished Creatures (collateral kills)
  A two-headed ogre (D:10)
  A gnoll sergeant (D:10)
  4 gnolls (D:10)
  2 kobolds (D:12)
8 creatures vanquished.

Vanquished Creatures (others)
  A wizard (D:8)
  5 fungi (Lair:2)
  13 plants
19 creatures vanquished.

Grand Total: 354 creatures vanquished

Notes
Turn   | Place    | Note
-------+----------+-------------------------------------------
     0 | D:1      | NinjaNoafa the Minotaur Fighter began the quest for the
                  | Orb.
     0 | D:1      | Reached XP level 1. HP: 19/19 MP: 0/0
   187 | D:1      | Reached skill level 3 in Axes
   207 | D:1      | Reached XP level 2. HP: 26/26 MP: 1/1
   606 | D:1      | Reached skill level 4 in Axes
   921 | D:2      | Identified the +9 scale mail of the Bells {rF+ Dex+3}
  1320 | D:2      | Reached XP level 3. HP: 30/31 MP: 2/2
  1809 | D:3      | Found a runed translucent gate.
  1810 | D:3      | Found a runed translucent gate.
  1811 | D:3      | Found a runed translucent gate.
  1950 | D:3      | Noticed Natasha
  1960 | D:3      | Killed Natasha
  1961 | D:3      | Reached skill level 5 in Axes
  1961 | D:3      | Reached XP level 4. HP: 36/39 MP: 3/3
  2110 | D:3      | Noticed a phantom
  2119 | D:3      | Killed a phantom
  2120 | D:3      | Reached skill level 6 in Axes
  2120 | D:3      | Reached XP level 5. HP: 39/45 MP: 4/4
  2427 | D:3      | Noticed Natasha
  2433 | D:3      | Killed Natasha
  2441 | D:3      | Noticed bakla's ghost (amateur DECj)
  2687 | D:4      | Noticed a yak
  2688 | D:4      | Noticed a yak
  2688 | D:4      | Noticed a yak
  2689 | D:4      | Noticed a yak
  2689 | D:4      | Noticed a yak
  2724 | D:4      | Noticed a phantom
  2733 | D:4      | Reached skill level 7 in Axes
  2742 | D:4      | Identified the +3 rapier "Ogrebane" {drain, rN+ Int+2 Dex+6
                  | Stlth+}
  2883 | D:4      | Found a glowing drain.
  2900 | Sewer    | Entered a sewer
  3091 | Sewer    | Reached skill level 8 in Axes
  3091 | Sewer    | Reached XP level 6. HP: 51/51 MP: 5/5
  3349 | Sewer    | Reached skill level 9 in Axes
  3617 | D:4      | Noticed a yak
  3618 | D:4      | Reached XP level 7. HP: 56/57 MP: 6/6
  3691 | D:3      | Killed bakla's ghost
  3776 | D:5      | Entered Level 5 of the Dungeon
  3783 | D:5      | Reached skill level 10 in Axes
  3783 | D:5      | Found a shadowy altar of Dithmenos.
  3786 | D:5      | Found an iron altar of Okawaru.
  3796 | D:5      | Noticed Sigmund
  3798 | D:5      | Noticed Menkaure
  3803 | D:5      | Killed Sigmund
  3807 | D:5      | Killed Menkaure
  3808 | D:5      | Reached skill level 11 in Axes
  3923 | D:5      | Reached XP level 8. HP: 51/64 MP: 7/7
  3972 | D:5      | Noticed Eustachio
  3982 | D:5      | Killed Eustachio
  3988 | D:5      | Reached skill level 12 in Axes
  4309 | D:5      | Found a blossoming altar of Fedhas.
  4457 | D:6      | Noticed Pikel
  4471 | D:6      | Reached skill level 13 in Axes
  4477 | D:6      | Killed Pikel
  4478 | D:6      | Reached skill level 14 in Axes
  4478 | D:6      | Reached XP level 9. HP: 58/70 MP: 8/8
  5113 | D:6      | Reached skill level 15 in Axes
  5481 | D:7      | Noticed Maggie
  5490 | D:7      | Killed Maggie
  5731 | D:7      | Reached skill level 16 in Axes
  5751 | D:7      | Found a staircase to the Ecumenical Temple.
  5799 | Temple   | Entered the Ecumenical Temple
  6040 | Temple   | Became a worshipper of Gozag Ym Sagoz the Greedy
  6089 | D:7      | Found a glowing silver altar of Zin.
  6098 | D:7      | Reached skill level 5 in Fighting
  6098 | D:7      | Reached skill level 5 in Armour
  6346 | D:7      | Reached XP level 10. HP: 81/81 MP: 9/9
  6597 | D:7      | Found a sparkling altar of Nemelex Xobeh.
  7086 | D:8      | Found a bloodstained altar of Trog.
  7087 | D:8      | Noticed a wizard
  7093 | D:8      | Killed a wizard
  7599 | D:8      | Identified the +6 sling of Interdependent Arising {flame,
                  | *Slow rPois Dex+4}
  8265 | D:9      | Reached skill level 5 in Shields
  8391 | D:9      | Reached skill level 1 in Evocations
  8391 | D:9      | Reached XP level 11. HP: 66/94 MP: 10/10
  9456 | D:10     | Entered Level 10 of the Dungeon
  9561 | D:10     | Noticed Psyche
  9569 | D:10     | Killed Psyche
  9806 | D:10     | Reached skill level 5 in Evocations
 10140 | D:10     | Noticed a two-headed ogre
 10144 | D:10     | Identified a scroll of acquirement
 10144 | D:10     | Acquired the +2 hat of the Blue Moon {rPois Str+3}
 10157 | D:10     | Killed a two-headed ogre
 10711 | D:11     | Found a staircase to the Lair.
 11110 | D:11     | Noticed a deep elf pyromancer
 11220 | D:11     | Killed a deep elf pyromancer
 11562 | D:11     | Noticed a skeletal warrior
 11562 | D:11     | Noticed a skeletal warrior
 11562 | D:11     | Noticed a skeletal warrior
 11562 | D:11     | Noticed a skeletal warrior
 11578 | D:11     | Killed a skeletal warrior
 11579 | D:11     | Reached XP level 12. HP: 104/104 MP: 11/11
 11903 | D:12     | Gained mutation: Armour fits poorly on your strangely
                  | shaped body. [potion of mutation]
 11903 | D:12     | Gained mutation: Your spells are a little harder to cast,
                  | but a little more powerful. [potion of mutation]
 11903 | D:12     | Gained mutation: Your magical capacity is low. (-10% MP)
                  | [potion of mutation]
 11904 | D:12     | Lost mutation: Armour fits poorly on your strangely shaped
                  | body. [potion of mutation]
 11904 | D:12     | Lost mutation: Your magical capacity is low. (-10% MP)
                  | [potion of mutation]
 11904 | D:12     | Lost mutation: Your spells are a little harder to cast, but
                  | a little more powerful. [potion of mutation]
 11904 | D:12     | Gained mutation: Your spells are a little easier to cast,
                  | but a little less powerful. [potion of mutation]
 11904 | D:12     | Gained mutation: You are strong-willed. (Will+) [potion of
                  | mutation]
 11904 | D:12     | Gained mutation: You have large cloven feet. [potion of
                  | mutation]
 11913 | D:12     | Found a staircase to the Orcish Mines.
 12135 | D:12     | Reached skill level 10 in Fighting
 12135 | D:12     | Reached skill level 10 in Armour
 12230 | D:12     | Noticed a boulder beetle
 12242 | D:12     | Killed a boulder beetle
 12986 | Lair:1   | Entered Level 1 of the Lair of Beasts
 13415 | Lair:1   | Noticed a catoblepas
 13431 | Lair:1   | Killed a catoblepas
 14067 | Lair:2   | Noticed Harold
 14072 | Lair:2   | Noticed a death yak
 14077 | Lair:2   | Slain by a blink frog

Illustrated notes

Levels and vault maps discovered:
D:1:      minmay_arrival_three_doors, layout_loops_ring, minmay_quantized
D:2:      layout_basic, serial_bayou_pond_e, nicolae_titane
D:3:      layout_basic, gammafunk_ghost_necromancy, uniq_natasha
D:4:      layout_cave_pools, portal_sewer_entry_b
D:5:      layout_rooms, fedhas_ov_isle_minmay, mainiacjoe_overflow_alcove_2,
          grunt_dithmenos_smoke, minmay_ogre_servants, uniq_eustachio,
          uniq_sigmund, uniq_menkaure
D:6:      layout_cave_pods, uniq_pikel
D:7:      layout_gridville, kennysheep_mini, nemelex_dance_club_becter,
          minmay_temple_entry_mist, minmay_misc_feat_nine_boxes, uniq_maggie
D:8:      argonaut_augean_stables, layout_layer_cave, trog_wizard
D:9:      layout_gridville
D:10:     layout_irregular_city, minmay_misc_feat_chi, nrook_campfire,
          st_stairs_1, uniq_psyche
D:11:     layout_stronghold, david_lair_shrubbed, nicolae_benzene_ring,
          kb_rosetta
D:12:     layout_long_grid, erik_orc_4
Temple:   nicolae_temple_elliptical
Lair:1:   layout_cave_pods, serial_bayou_shore_b, grunt_megastairs_1,
          lemuel_fruit_tree
Lair:2:   layout_misc_corridors, uniq_harold

Skill      XL: |  1  2  3  4  5  6  7  8  9 10 11 12 |
---------------+-------------------------------------+-----
Axes           | 3 4 5 6 8 9 11 14 16 | 16.0
Fighting       | 5 8 9 11 | 11.2
Armour         | 5 8 9 11 | 11.2
Shields        | 8 9 |  9.7
Evocations     | 1 8 9 |  9.1

Action                   |  1- 3 |  4- 6 |  7- 9 | 10-12 || total
-------------------------+-------+-------+-------+-------++-------
Melee: War axe           |    68 |   121 |   154 |   402 ||   745
       Headbutt          |     5 |    20 |    29 |   103 ||   157
Throw: Boomerang         |       |       |       |     5 ||     5
       Javelin           |       |       |       |    10 ||    10
       Stone             |       |       |       |     1 ||     1
       Dart              |       |       |       |    17 ||    17
Evoke: Wand              |       |       |     3 |     2 ||     5
       Condenser vane    |       |       |       |     1 ||     1
  Use: Scroll            |       |     2 |    11 |    11 ||    24
       Potion            |       |       |     3 |     9 ||    12
 Stab: Distracted        |       |       |       |     4 ||     4
       Invisible         |       |       |       |     1 ||     1
Armor: Scale mail        |    26 |    54 |    94 |   275 ||   449
Dodge: Dodged            |    21 |    57 |    69 |   134 ||   281
Block: Buckler           |    17 |    24 |    34 |    96 ||   171
       Tower shield      |       |       |       |   113 ||   113

Table legend: (Time is in decaauts)
 A = Elapsed time spent in this place.
 B = Non-inter-level travel time spent in this place.
 C = Inter-level travel time spent in this place.
 D = Time resting spent in this place.
 E = Time spent auto-exploring this place.
 F = Levels seen in this place.
 G = Mean time per level.
                   A        B        C        D        E       F      G
               +--------+--------+--------+--------+--------+-----+--------+
         Total |  14052 |  13291 |    761 |     68 |  10749 |  16 |  878.2 |
       Dungeon |  12039 |  11341 |    698 |     68 |   9183 |  12 | 1003.2 |
        Temple |    270 |    235 |     35 |      0 |    220 |   1 |  270.0 |
          Lair |   1094 |   1067 |     27 |      0 |    881 |   2 |  547.0 |
         Sewer |    647 |    647 |      0 |      0 |    465 |   1 |  647.0 |
               +--------+--------+--------+--------+--------+-----+--------+

Top non-repeatable levels by time:
     D:9: 1544 daAuts
    D:11: 1510 daAuts
     D:7: 1274 daAuts
     D:3: 1153 daAuts
     D:8: 1125 daAuts
    D:10: 1022 daAuts
     D:6: 1007 daAuts
  Lair:1: 955 daAuts
     D:2: 828 daAuts
     D:1: 783 daAuts
    D:12: 697 daAuts
     D:5: 684 daAuts
   Sewer: 647 daAuts
     D:4: 407 daAuts
  Temple: 270 daAuts
